Description

神庙AI有A、B两种刷新模式,游戏开始时确定,概率相同 AB模式判定方法: 1.A型指挥官会在3分15秒开始报红点,B型指挥官会在3分10秒开始报红点(可能会受到其他指挥官或者任务语音的干扰) 2.6分刷新的混合体,A型为陆军混合体,B型为空军混合体 最迟在9分钟那一波红点可以区分 A型两边同时出兵 B型只出一边 本背板为B型

Build Order

Get SALT Encoding   

    3:00  Slayer 前方  
    4:15  Slayer 前方  
    6:00  Slayer 前方 小混合体*1  
    6:45  Slayer 前方  
    7:30  Slayer 前方  
  99  8:15  Slayer 前方 虚空撕裂者  
  2  9:30  Blink B型 左或右  
    10:00  Slayer 左+右  
  2  11:00  Blink B型 右或左 与上次相反  
    12:00  Slayer 前方  
    12:30  Slayer  
    13:15  Slayer 前方  
  2  13:35  Blink B型 右  
  99  13:45  Slayer 通用 右近点 虚空撕裂者  
  2  15:00  Blink B型空投  
  2  15:30  Blink B型空投  
  99  15:45  Blink B型 左近点 虚空撕裂者  
  2  16:35  Blink B型后方  
  2  16:55  Blink B型后方  
  2  18:00  Blink B型左或右  
  2  18:15  Blink B型右或左 与上次相反  
  99  20:00  Blink B型 前远 虚空撕裂者+红点  
  99  22:30  Slayer 右远和左远 虚空撕裂者和部队  
    23:30  Slayer 左红点  
    23:40  Slayer 右红点  
    24:40  Slayer 左 前 右 同时红点  
Spawning Tool Build Advisor. Get it on Overwolf

Go to:

Details

  • Created by: Arbalest
  • Published on: Jan 02, 2020
  • Modified on: Jan 02, 2020
  • Patch: 4.11.0
Show
View Real Time Build Order
Export as new Build Order

Comments (0)

There are no comments. Be the first!

Create an account to comment!